 Dungeon Crawl Stone Soup version 0.29.1-2-gbd0b4ee654 (webtiles) character file.

Game seed: 12345404804213669185

308 Aibolit the Shield-Bearer (level 6, -3/53 HPs)
             Began as a Gnoll Fighter on Nov 21, 2022.
             Slain by a moth of wrath (glowing shapeshifter) (6 damage)
             ... on level 4 of the Dungeon.
             The game lasted 00:07:34 (4014 turns).

Aibolit the Shield-Bearer (Gnoll Fighter)           Turns: 4014, Time: 00:07:35

Health: -3/53      AC:  9    Str: 17    XL:     6   Next: 40%
Magic:  9/9        EV:  9    Int:  8    God:
Gold:   185        SH:  5    Dex: 11    Spells: 9/9 levels left

rFire   + . .      SeeInvis .   n - +1 spear (chaos)
rCold   . . .      Faith    .   c - +0 buckler
rNeg    . . .      Spirit   .   b - +0 scale mail
rPois   .          Reflect  .   (no helmet)
rElec   .          Harm     .   l - +0 cloak
rCorr   .          Rampage  .   (no gloves)
Will    .....                   (no boots)
Stlth   ..........              (no amulet)
HPRegen 0.17/turn               m - ring of protection from fire
MPRegen 0.11/turn               (no ring)

@: no status effects
A: fangs 1, strong nose, distributed training
a: no special abilities


You were on level 4 of the Dungeon.
You visited 1 branch of the dungeon, and saw 4 of its levels.

You collected 185 gold pieces.

Inventory:

Hand Weapons
 n - a +1 spear of chaos (weapon)
Armour
 b - a +0 scale mail (worn)
 c - a +0 buckler (worn)
 l - a +0 cloak (worn)
Jewellery
 m - a ring of protection from fire (left hand)
Wands
 h - a wand of polymorph (5)
 i - a wand of acid (8)
Scrolls
 f - 4 scrolls of butterflies {unknown}
 g - a scroll of noise {unknown}
Potions
 a - a potion of mutation {unknown}
 d - 3 potions of might
 e - a potion of heal wounds {unknown}
 j - a potion of lignification {unknown}


   Skills:
 + Level 6.8 Fighting
 + Level 2.0 Short Blades
 + Level 2.0 Long Blades
 + Level 2.0 Axes
 + Level 2.0 Maces & Flails
 + Level 5.0 Polearms
 + Level 2.0 Staves
 + Level 2.0 Ranged Weapons
 + Level 2.0 Throwing
 + Level 6.8 Armour
 + Level 2.0 Dodging
 + Level 2.0 Stealth
 + Level 6.8 Shields
 + Level 2.0 Unarmed Combat
 + Level 2.0 Spellcasting
 + Level 1.6 Conjurations
 + Level 1.6 Hexes
 + Level 1.6 Summonings
 + Level 1.6 Necromancy
 + Level 1.6 Translocations
 + Level 1.6 Transmutations
 + Level 1.6 Fire Magic
 + Level 1.6 Ice Magic
 + Level 1.6 Air Magic
 + Level 1.6 Earth Magic
 + Level 1.6 Poison Magic
 + Level 2.2 Invocations
 + Level 2.0 Evocations


You had 9 spell levels left.
You didn't know any spells.
Your spell library contained the following spells:

 Spells                   Type           Power      Damage    Failure   Level
 Beastly Appendage        Tmut           6%         N/A       56%         1
 Wereblood                Tmut           3%         N/A       71%         2
 Spider Form              Tmut/Pois      3%         N/A       91%         3


Dungeon Overview and Level Annotations

Branches:
Dungeon (4/15)
 Temple: D:4-7

Altars:
Ashenzari
Elyvilon
Xom


Innate Abilities, Weirdness & Mutations

You have very sharp teeth.
Your uncanny sense of smell can sniff out nearby items.
Your experience applies equally to all skills.


Message History

There is an open door here.
You open the door.
There is an open door here.
A hobgoblin comes into view.
Found 13 gold pieces.
The hobgoblin shouts!
There is a stone staircase leading down here.
A hobgoblin is nearby!
A hobgoblin is nearby!
The hobgoblin hits you but does no damage.
You hit the hobgoblin.
The hobgoblin changes into a glowing shapeshifter!
The glowing shapeshifter changes into a snapping turtle!
You hit the snapping turtle but do no damage.
The snapping turtle is poisoned.
The snapping turtle changes into a two-headed ogre!
You hit the two-headed ogre.
The two-headed ogre is lightly wounded.
The two-headed ogre hits you!
The two-headed ogre hits you but does no damage.
You hit the two-headed ogre. You freeze the two-headed ogre.
The two-headed ogre is lightly wounded.
You hit the two-headed ogre but do no damage.
The two-headed ogre resists with almost no effort.
Your bite misses the two-headed ogre.
The two-headed ogre is lightly wounded.
The two-headed ogre hits you!!
The two-headed ogre hits you but does no damage.
You are too injured to fight recklessly!
You are too injured to fight recklessly!
You are too injured to fight recklessly!
The two-headed ogre changes into a moth of wrath!
You are too injured to fight recklessly!
You are too injured to fight recklessly!
The moth of wrath bites you!!
* * * LOW HITPOINT WARNING * * *
You hit the moth of wrath.
You feel better.
The moth of wrath is lightly wounded.
The moth of wrath bites you.
You die...

#.# #.# ###.#.≈≈§§
##+## ##.##
#.<.#≈..§≈ ##.<.##
#...## #.#.#≈.≈.§
##.....## #.###.##
#.#.#≈.§._
##.......###.# ##.#
#.#.#≈.≈..
#......>..##.
#.#####.#.#≈..≈≈
'.........+..
##.........#.≈≈§≈
#.........#
#.###>###.##.###.....
##.......## #..@.#
#.##.#..#####
##.....##
#.##y###.##.........
##...## #.
#..##.####.......
##+## #. ##$##.#
#.#.###. #. #.##.#
#.#.###. #. #.##.#
#....##. #. .....#
#....... ## #.#
##...... #.# #..###.


You could see a moth of wrath shaped shifter.

Vanquished Creatures
  An orc priest (D:4)
  Jessica (D:3)
  Natasha (thrice) (D:2)
  An orc wizard (D:4)
  2 gnolls (D:3)
  5 adders
  2 worms
  4 dart slugs
  3 orcs
  7 endoplasms
  4 giant cockroaches
  7 goblins
  3 hobgoblins
  5 jackals
  5 quokkas
  2 ball pythons (D:1)
  7 bats
  4 frilled lizards
  4 kobolds
  8 rats
78 creatures vanquished.

Notes
Turn   | Place    | Note
-------+----------+-------------------------------------------
     0 | D:1      | Aibolit the Gnoll Fighter began the quest for the Orb.
     0 | D:1      | Reached XP level 1. HP: 23/23 MP: 1/1
   122 | D:1      | Reached XP level 2. HP: 26/29 MP: 2/2
   477 | D:1      | Reached XP level 3. HP: 35/35 MP: 3/3
   566 | D:1      | Reached skill level 1 in Invocations
  1172 | D:2      | Reached skill level 1 in Short Blades
  1172 | D:2      | Reached skill level 1 in Long Blades
  1172 | D:2      | Reached skill level 1 in Axes
  1172 | D:2      | Reached skill level 1 in Maces & Flails
  1172 | D:2      | Reached skill level 1 in Staves
  1172 | D:2      | Reached skill level 1 in Ranged Weapons
  1172 | D:2      | Reached skill level 1 in Throwing
  1172 | D:2      | Reached skill level 1 in Dodging
  1172 | D:2      | Reached skill level 1 in Stealth
  1172 | D:2      | Reached skill level 1 in Unarmed Combat
  1172 | D:2      | Reached skill level 1 in Spellcasting
  1172 | D:2      | Reached skill level 1 in Evocations
  1426 | D:2      | Noticed Natasha
  1441 | D:2      | Killed Natasha
  1442 | D:2      | Reached skill level 1 in Conjurations
  1442 | D:2      | Reached skill level 1 in Hexes
  1442 | D:2      | Reached skill level 1 in Summonings
  1442 | D:2      | Reached skill level 1 in Necromancy
  1442 | D:2      | Reached skill level 1 in Translocations
  1442 | D:2      | Reached skill level 1 in Transmutations
  1442 | D:2      | Reached skill level 1 in Fire Magic
  1442 | D:2      | Reached skill level 1 in Ice Magic
  1442 | D:2      | Reached skill level 1 in Air Magic
  1442 | D:2      | Reached skill level 1 in Earth Magic
  1442 | D:2      | Reached skill level 1 in Poison Magic
  1442 | D:2      | Reached XP level 4. HP: 29/41 MP: 5/5
  1703 | D:2      | Noticed Natasha
  1710 | D:2      | Killed Natasha
  1711 | D:2      | Reached XP level 5. HP: 42/47 MP: 5/7
  1861 | D:2      | Noticed Natasha
  1875 | D:2      | Killed Natasha
  2333 | D:3      | Found a faded altar of an unknown god.
  2536 | D:3      | Found a broken altar of Ashenzari.
  3045 | D:3      | Found a shimmering altar of Xom.
  3130 | D:3      | Noticed Jessica
  3132 | D:3      | Killed Jessica
  3133 | D:3      | Reached XP level 6. HP: 53/53 MP: 8/8
  3642 | D:4      | Found a white marble altar of Elyvilon.
  3738 | D:4      | Reached skill level 5 in Polearms
  4005 | D:4      | Noticed a glowing shapeshifter
  4005 | D:4      | a hobgoblin changed into a glowing shapeshifter
  4005 | D:4      | Noticed a snapping turtle
  4005 | D:4      | a glowing shapeshifter changed into a snapping turtle
  4006 | D:4      | Noticed a two-headed ogre
  4006 | D:4      | a snapping turtle changed into a two-headed ogre
  4010 | D:4      | Noticed a moth of wrath
  4010 | D:4      | a two-headed ogre changed into a moth of wrath
  4013 | D:4      | HP: 1/53 [moth of wrath (glowing shapeshifter) (19)]
  4014 | D:4      | Slain by a moth of wrath (glowing shapeshifter)

Illustrated notes

Levels and vault maps discovered:
D:1:      minmay_arrival_floating_metal, layout_basic, kennysheep_pointless_box,
          chequers_jeans, minmay_unequal
D:2:      layout_rooms, grunt_decor_arrowhead, uniq_natasha
D:3:      layout_basic, tgw_xom, cheibrodos_ashenzari_chains,
          ebering_ecumenical_altar_sacrificial, uniq_jessica
D:4:      layout_loops_corners, nicolae_gozag_cash_rules_everything_around_me,
          fedhas_ov_isle_minmay, mainiacjoe_overflow_alcove_2,
          lemuel_crystal_altar, mainiacjoe_overflow_paths

Skill      XL: |  1  2  3  4  5  6 |
---------------+-------------------+-----
Invocations    | 1 2 |  2.2
Short Blades   | 1 2 |  2.0
Long Blades    | 1 2 |  2.0
Axes           | 1 2 |  2.0
Maces & Flails | 1 2 |  2.0
Staves         | 1 2 |  2.0
Ranged Weapons | 1 2 |  2.0
Throwing       | 1 2 |  2.0
Dodging        | 1 2 |  2.0
Stealth        | 1 2 |  2.0
Unarmed Combat | 1 2 |  2.0
Spellcasting   | 1 2 |  2.0
Evocations     | 1 2 |  2.0
Conjurations   | 1 |  1.6
Hexes          | 1 |  1.6
Summonings     | 1 |  1.6
Necromancy     | 1 |  1.6
Translocations | 1 |  1.6
Transmutations | 1 |  1.6
Fire Magic     | 1 |  1.6
Ice Magic      | 1 |  1.6
Air Magic      | 1 |  1.6
Earth Magic    | 1 |  1.6
Poison Magic   | 1 |  1.6
Polearms       | 5 |  5.0
Fighting       | |  6.8
Armour         | |  6.8
Shields        | |  6.8

Action                   |  1- 3 |  4- 6 || total
-------------------------+-------+-------++-------
Melee: Trident           |   119 |    95 ||   214
       Bite              |     8 |    12 ||    20
       Unarmed           |       |    17 ||    17
       Spear             |       |    57 ||    57
 Stab: Paralysed         |       |     1 ||     1
Armor: Scale mail        |    26 |    63 ||    89
       Skin              |       |     5 ||     5
Dodge: Dodged            |    37 |    53 ||    90
Block: Buckler           |    20 |    19 ||    39
